AoeStats
← Reis

African Clearing

506905656Analyzed
4v4 RM · 17d ago on Sep 15, 2026· 42m 12s· 8 players
Game mode
Random Map
Map size
Large (8 player)
Population
200
Speed
Normal
Resources
Standard
Victory
Conquest
Starting age
Dark Age
Ending age
Imperial Age
RankedLock teamsTeams togetherTeam positionsShared explorationLock speedFull tech treeHidden civsTurbo modeCheats
Victory
Defeat
🇧🇪 Romans · Belgium
1354
+14
🇬🇧 Romans · United Kingdom
1335
+14
🇩🇪 Vietnamese · Germany
1314
+15
🇹🇷 Magyars · Türkiye
1311
+15
🇨🇭 Bulgarians · Switzerland
1381
-18
🇨🇱 Turks · Chile
1285
-14
🇺🇸 Persians · United States
1263
-13
🇩🇪 Armenians · Germany
1260
-13
tirtil
3:12 Loom
12:13 Feudal Age
15:06 Double-Bit Axe
15:02 Horse Collar
22:34 Castle Age
21:00 Scale Barding Armor
21:52 Bloodlines
23:36 Light Cavalry
26:33 Chain Barding Armor
27:14 Husbandry
34:17 Gold Mining
34:17 Stone Mining
34:49 Bow Saw
34:40 Heavy Plow
44:06 Imperial Age
abli30
4:27 Loom
13:29 Feudal Age
17:18 Castle Age
15:11 Double-Bit Axe
18:09 Bow Saw
18:54 Horse Collar
22:14 Gold Mining
23:44 Wheelbarrow
24:16 Town Watch
25:05 Stone Mining
26:22 Hand Cart
25:55 Man-at-Arms
26:49 Scale Mail Armor
27:48 Gold Shaft Mining
26:56 Long Swordsman
27:50 Forging
27:53 Squires
29:47 Chain Mail Armor
30:53 Iron Casting
36:39 Imperial Age
34:39 Pikeman
36:58 Town Patrol
36:45 Legionary
38:27 Blast Furnace
37:48 Conscription
37:02 Capped Ram
38:01 Siege Ram
39:11 Comitatenses
38:58 Ballistas
38:17 Halberdier
39:17 Guilds
39:22 Fletching
jelle.neyt
10:27 Loom
13:58 Feudal Age
17:58 Castle Age
15:53 Double-Bit Axe
16:40 Horse Collar
19:06 Bow Saw
20:20 Wheelbarrow
21:53 Heavy Plow
26:45 Hand Cart
26:40 Town Watch
35:02 Imperial Age
34:32 Scale Barding Armor
35:07 Forging
35:22 Gold Mining
35:23 Stone Mining
36:09 Conscription
37:00 Bloodlines
36:51 Husbandry
37:15 Chain Barding Armor
39:56 Ballistics
39:22 Elite Centurion
40:39 Plate Barding Armor
41:42 Gold Shaft Mining
41:39 Ballistas
41:49 Heavy Scorpion
Olli
7:53 Loom
11:52 Feudal Age
12:53 Feudal Age
18:02 Castle Age
18:38 Double-Bit Axe
21:45 Stone Mining
26:10 Fletching
38:07 Bodkin Arrow
40:11 Ballistics
40:34 Padded Archer Armor
41:51 Leather Archer Armor
nprhino_aoe
9:02 Loom
13:05 Feudal Age
14:59 Horse Collar
16:47 Double-Bit Axe
23:16 Castle Age
23:14 Scale Barding Armor
23:24 Bloodlines
26:52 Husbandry
28:45 Forging
33:03 Chain Barding Armor
34:29 Heavy Plow
Reis
5:10 Loom
13:12 Feudal Age
18:53 Castle Age
20:35 Fletching
Crackhörnchen
7:37 Loom
14:25 Feudal Age
14:41 Man-at-Arms
15:12 Double-Bit Axe
15:10 Horse Collar
16:34 Man-at-Arms
22:55 Castle Age
20:46 Long Swordsman
22:14 Forging
22:37 Arson
23:16 Two-Handed Swordsman
24:25 Scale Mail Armor
26:55 Bow Saw
32:25 Pikeman
37:56 Imperial Age
36:05 Wheelbarrow
35:06 Pikeman
35:32 Gambesons
35:50 Squires
35:51 Gold Mining
38:13 Hand Cart
37:40 Halberdier
40:04 Iron Casting
40:07 Conscription
42:33 Blast Furnace
41:50 Chain Mail Armor
beiza -opsleagues
3:55 Loom
13:27 Feudal Age
17:29 Castle Age
17:00 Double-Bit Axe
17:22 Horse Collar
22:15 Bow Saw
23:10 Heavy Plow
24:58 Stone Mining
25:57 Wheelbarrow
26:54 Town Watch
28:30 Hand Cart
32:12 Scale Barding Armor
Connection lost

Rejoining the realm…

Still unreachable

The connection could not be restored.

Session expired

The server has moved on; the page needs a fresh start.